 Dungeon Crawl Stone Soup version 0.20-a0-1026-gc3ddcbd (webtiles) character file.

83 dvd the Chiller (level 4, 0/31 HPs)
             Began as a Demonspawn Ice Elementalist on Apr 20, 2017.
             Succumbed to an orc priest's poison
             ... on level 3 of the Dungeon.
             The game lasted 00:08:36 (2165 turns).

dvd the Chiller (Demonspawn Ice Elementalist)       Turns: 2165, Time: 00:08:37

Health: 0/31       AC: 18    Str: 14    XL:     4   Next: 22%
Magic:  8/8        EV: 18    Int: 17    God:
Gold:   110        SH:  0    Dex: 20    Spells: 3/9 levels left

rFire    . . .     SeeInvis .   r - +0 hand axe (flame)
rCold    . . .     Gourm    .   (no shield)
rNeg     . . .     Faith    .   a - +0 robe
rPois    .         Spirit   .   (helmet restricted)
rElec    .         Reflect  .   (no cloak)
rCorr    .         Harm     .   f - +0 pair of gloves
MR       .....                  (no boots)
Stlth    +++.......             (no amulet)
Regen    0.1/turn               o - +4 ring of protection
MPRegen  0.2/turn               (no ring)

@: mighty, agile, lethally poisoned (0 -> -12), icy armour, sanguine armour,
slow
A: horns 1, agile 1, sanguine armour 1
a: no special abilities


You were on level 3 of the Dungeon.
You were not hungry.

You visited 1 branch of the dungeon, and saw 3 of its levels.

You collected 110 gold pieces.

Inventory:

Hand Weapons
 d - a +0 dagger of flaming
 r - a +0 hand axe of flaming (weapon)
Armour
 a - a +0 robe (worn)
 f - a +0 pair of gloves (worn)
 p - a +0 helmet
Jewellery
 o - a +4 ring of protection (left hand)
 q - an uncursed ring of fire
Scrolls
 g - 2 scrolls of identify {unknown}
 i - 3 scrolls of amnesia {unknown}
 l - a scroll of remove curse {unknown}
 n - 2 scrolls of magic mapping {unknown}
 u - a scroll of immolation {unknown}
Potions
 e - a potion of mutation
 t - a potion of heal wounds {unknown}
Books
 b - a book of Frost

   Spells                             Type                      Level
   a - Freeze                         Ice                          1
   b - Throw Frost                    Conjuration/Ice              2
   c - Ozocubu's Armour               Charms/Ice                   3
   d - Throw Icicle                   Conjuration/Ice              4
   e - Summon Ice Beast               Ice/Summoning                4
Comestibles
 c - 3 bread rations
 k - a royal jelly
 m - 3 meat rations
 s - 5 chunks of flesh


   Skills:
 + Level 0.4 Fighting
 + Level 0.3 Short Blades
 + Level 2.2 Dodging
 + Level 2.0 Stealth
 + Level 3.0 Spellcasting
 + Level 1.0 Conjurations
 + Level 0.1 Charms
 + Level 3.3 Ice Magic


You had 3 spell levels left.
You knew the following spells:

 Your Spells              Type           Power        Failure   Level  Hunger
a - Freeze                Ice            ##..         4%          1    None
b - Throw Frost           Conj/Ice       ##....       11%         2    ##.....
c - Ozocubu's Armour      Chrm/Ice       #.......     26%         3    ###....


Dungeon Overview and Level Annotations

Branches:
Dungeon (3/15)

Altars:
Kikubaaqudgha
Nemelex Xobeh


Innate Abilities, Weirdness & Mutations

When seriously injured, your bleeding wounds create armour. (AC +6)
You have a pair of small horns on your head.
You are agile. (Dex +2)


Message History

* * * LOW HITPOINT WARNING * * *
The orc priest barely misses you. The orc hits you but does no damage. x2
It was a potion of mutation.
You feel extremely strange.
You feel agile. A pair of horns grows on your head!
Your +0 helmet falls away!
* * * LOW HITPOINT WARNING * * *
You feel sick.
The orc priest begins to cast a cantrip, but forgets the words!
The orc misses you.
Unknown command.
It was a potion of agility.
You feel agile all of a sudden.
* * * LOW HITPOINT WARNING * * *
You feel sick.
The orc hits you with an enchanted hand axe.
* * * LOW HITPOINT WARNING * * *
The orc priest looks braver for a moment.
It was a potion of might.
You feel very mighty all of a sudden.
You die...

#............)....#
#.................#
+...##............###
#...................
#...##............#
#...##............#
....##............######
.............÷..o......#
.............@o.....#
.............†o......#
....###.#######......#
... #. ......# #.
......# ......# ......#
......#


You could see an orc priest and 2 orcs.

Vanquished Creatures
  3 adders (D:2)
  An ooze (D:2)
  2 worms (D:2)
  An orc (D:3)
  2 bats
  3 giant cockroaches
  2 goblins (D:1)
  6 hobgoblins
  5 jackals (D:2)
  8 frilled lizards
  6 kobolds
  7 rats
46 creatures vanquished.

Notes
Turn   | Place    | Note
-------+----------+-------------------------------------------
     0 | D:1      | dvd the Demonspawn Ice Elementalist began the quest for the Orb.
     0 | D:1      | Reached XP level 1. HP: 13/13 MP: 3/3
   192 | D:1      | Gained mutation: When seriously injured, your bleeding wounds create armour. (AC +6) [demonic ancestry]
   192 | D:1      | Reached XP level 2. HP: 14/19 MP: 0/5
   522 | D:1      | Learned a level 2 spell: Throw Frost
   910 | D:2      | Found a sparkling altar of Nemelex Xobeh.
   987 | D:2      | Reached XP level 3. HP: 21/24 MP: 2/6
  1032 | D:2      | Found an ancient bone altar of Kikubaaqudgha.
  1258 | D:1      | Learned a level 3 spell: Ozocubu's Armour
  2025 | D:2      | Reached XP level 4. HP: 26/31 MP: 4/8
  2163 | D:3      | Gained mutation: You are agile. (Dex +2) [potion of mutation]
  2163 | D:3      | Gained mutation: You have a pair of small horns on your head. [potion of mutation]
  2164 | D:3      | HP: 1/31 [orc/enchanted hand axe (4)]
  2165 | D:3      | Succumbed to an orc priest's poison

Vault maps used:
D:1:      mrwooster_arrival_statue_3, minmay_liquid_box, columned_hall_lemuel
D:2:      kiku_gazebo_pond_becter, nemelex_xobeh_ov_fountains_minmay
D:3:      elyvilon_altar_4, lemuel_doored_altar, first_bread

Skill      XL: |  1  2  3  4 |
---------------+-------------+-----
Dodging        | 2 |  2.2
Ice Magic      | 3 |  3.3
Stealth        | 2 |  2.0
Spellcasting   | 3 |  3.0
Fighting       | |  0.4
Short Blades   | |  0.3
Conjurations   | |  1.0
Charms         | |  0.1

Action                   |  1- 3 |  4- 6 || total
-------------------------+-------+-------++-------
Melee: Dagger            |    65 |       ||    65
       Hand axe          |     6 |    24 ||    30
 Cast: Freeze            |    44 |     2 ||    46
       Throw Frost       |     5 |       ||     5
       Ozocubu's Armour  |     1 |     2 ||     3
  Use: Potion            |       |     3 ||     3
 Stab: Sleeping          |     5 |     1 ||     6
  Eat: Chunk             |     4 |     1 ||     5
Armor: Robe              |    25 |    22 ||    47
Dodge: Dodged            |    50 |    26 ||    76
